 Dungeon Crawl Stone Soup version 0.30-a0-728-gc68057be0a (webtiles) character file.

Game seed: 13209193079264355007

4 Crownlay the Chiller (level 1, -3/13 HPs)
             Began as a Gnoll Ice Elementalist on Jan 31, 2023.
             Slain by a gnoll
             ... wielding a +0 spear
              (8 damage)
             ... on level 1 of the Dungeon.
             The game lasted 00:00:09 (63 turns).

Crownlay the Chiller (Gnoll Ice Elementalist)         Turns: 63, Time: 00:00:10

Health: -3/13      AC:  2    Str:  7    XL:     1   Next: 70%
Magic:  1/6        EV: 13    Int: 14    God:
Gold:   0          SH:  0    Dex: 12    Spells: 8/9 levels left

rFire   . . .      SeeInvis .    (no weapon)
rCold   . . .      Faith    .    (no shield)
rNeg    . . .      Spirit   .    a - +0 robe
rPois   .          Reflect  .    (no helmet)
rElec   .          Harm     .    (no cloak)
rCorr   .          Rampage  .    (no gloves)
Will    .....                    (no boots)
Stlth   ++                       (no amulet)
HPRegen 0.22/turn                (no ring)
MPRegen 0.10/turn                (no ring)

@: no status effects
A: fangs 1, strong nose, distributed training
a: no special abilities


You were on level 1 of the Dungeon.
You visited 1 branch of the dungeon, and saw 1 of its levels.

Inventory:

Armour
 a - a +0 robe (worn)
Potions
 b - a potion of magic


   Skills:
 + Level 0.1 Fighting
 + Level 0.1 Short Blades
 + Level 0.1 Long Blades
 + Level 0.1 Axes
 + Level 0.1 Maces & Flails
 + Level 0.1 Polearms
 + Level 0.1 Staves
 + Level 0.1 Ranged Weapons
 + Level 0.1 Throwing
 + Level 0.1 Armour
 + Level 4.4 Dodging
 + Level 4.0 Stealth
 + Level 0.1 Shields
 + Level 0.1 Unarmed Combat
 + Level 4.9 Spellcasting
 + Level 0.1 Conjurations
 + Level 0.1 Hexes
 + Level 0.1 Summonings
 + Level 0.1 Necromancy
 + Level 0.1 Translocations
 + Level 0.1 Transmutations
 + Level 0.1 Fire Magic
 + Level 7.0 Ice Magic
 + Level 0.1 Air Magic
 + Level 0.1 Earth Magic
 + Level 0.1 Poison Magic
 + Level 0.2 Invocations
 + Level 0.1 Evocations


You had 8 spell levels left.
You knew the following spells:

 Your Spells              Type           Power      Damage    Failure   Level
a - Freeze                Ice            92%        1d9       1%          1

Your spell library contained the following spells:

 Spells                   Type           Power      Damage    Failure   Level
 Frozen Ramparts          Ice            46%        1d7       3%          3
 Ozocubu's Armour         Ice            23%        N/A       3%          3
 Summon Ice Beast         Ice/Summ       13%        N/A       38%         4


Dungeon Overview and Level Annotations

Branches:
Dungeon (1/15)

Altars:


Innate Abilities, Weirdness & Mutations

You have very sharp teeth.
Your uncanny sense of smell can sniff out nearby items.
Your experience applies equally to all skills.


Message History

A ball python comes into view.
The endoplasm misses you.
You freeze the endoplasm.
The endoplasm is lightly wounded.
The ball python hisses angrily.
The hobgoblin shouts!
You hear a shout!
The endoplasm freezes you.
You are frozen.
You freeze the endoplasm!
You kill the endoplasm!
The hobgoblin misses you.
You freeze the hobgoblin.
You kill the hobgoblin!
You freeze the hobgoblin.
The hobgoblin is almost dead.
A gnoll comes into view. It is wielding a +0 spear.
The hobgoblin barely misses you.
You freeze the hobgoblin.
You kill the hobgoblin!
You freeze the hobgoblin.
The hobgoblin is moderately wounded.
The ball python bites you. The ball python barely misses you.
The hobgoblin barely misses you.
A frilled lizard comes into view.
You are out of magic!
The hobgoblin completely misses you.
A rat comes into view.
A kobold comes into view. It is wielding a +0 whip.
The ball python bites you. The ball python grabs you.
The ball python constricts you.
You see here a bat corpse.
You closely miss the ball python. The ball python bites you.
The ball python constricts you.
Casting: Freeze (safe; 1% risk of failure)
Confirm with . or Enter, or press ? or * to list all spells.
Okay, then.
You escape the ball python's grasp.
The ball python bites you. The ball python closely misses you.
The gnoll hits you from afar with a +0 spear!
Ouch! That really hurt!
You die...

### ##### ##.##
#...###.~.# ####.♣.~..≈≈≈.
###..'.....~~≈≈≈
###########....'.~..~≈≈≈≈≈
.......gS@..####.P~≈~~≈≈≈≈
)......g##### #...~..~~≈≈
........# #...~.~.PP≈
.(....†.# ###########
....$...# .r......#
K...(.... ∆ #...##### #...


You could see a gnoll, a hobgoblin and a ball python.

Vanquished Creatures
  An endoplasm (D:1)
  2 hobgoblins (D:1)
  A bat (D:1)
4 creatures vanquished.

Notes
Turn   | Place    | Note
-------+----------+-------------------------------------------
     0 | D:1      | Crownlay the Gnoll Ice Elementalist began the quest for the
                  | Orb.
     0 | D:1      | Reached XP level 1. HP: 13/13 MP: 6/6
    63 | D:1      | Slain by a gnoll

Illustrated notes

Levels and vault maps discovered:
D:1:      lightli_arrival_windingriver, layout_basic,
          hellmonk_ecumenical_altar_lost_god

Action                     || total
---------------------------++-------
  Melee: Unarmed           ||     2
   Cast: Freeze            ||     8
 Armour: Robe              ||     4
  Dodge: Dodged            ||    10

Table legend: (Time is in decaauts)
 A = Elapsed time spent in this place.
 B = Non-inter-level travel time spent in this place.
 C = Inter-level travel time spent in this place.
 D = Time resting spent in this place.
 E = Time spent auto-exploring this place.
 F = Levels seen in this place.
 G = Mean time per level.
                   A        B        C        D        E       F      G
               +--------+--------+--------+--------+--------+-----+--------+
         Total |     64 |     64 |      0 |      0 |     40 |   1 |   64.0 |
       Dungeon |     64 |     64 |      0 |      0 |     40 |   1 |   64.0 |
               +--------+--------+--------+--------+--------+-----+--------+

Top non-repeatable levels by time:
     D:1: 64 daAuts
